 Dungeon Crawl Stone Soup version 0.21-a0-401-g0b6bec4 (webtiles) character file.

175 EvilAshe the Vexing (level 5, 21/21 HPs)
             Began as a Felid Enchanter on Oct 21, 2017.
             Quit the game on level 4 of the Dungeon.
             The game lasted 00:14:17 (3638 turns).

EvilAshe the Vexing (Felid Enchanter)               Turns: 3638, Time: 00:14:18

Health: 21/21      AC:  2    Str:  4    XL:     5   Next: 29%
Magic:  18/18      EV: 25    Int: 17    God:
Gold:   153        SH:  0    Dex: 18    Spells: 2/8 levels left
                                        Lives:  0   Deaths: 1

rFire    . . .     SeeInvis +     - Unarmed
rCold    . . .     Gourm    .   (shield unavailable)
rNeg     . . .     Faith    .   (armour unavailable)
rPois    .         Spirit   .   (helmet unavailable)
rElec    .         Reflect  .   (cloak unavailable)
rCorr    .         Harm     .   (gloves unavailable)
MR       .....                  (boots unavailable)
Stlth    ++++......             t - amulet of magic regeneration
HPRegen  0.07/turn              i - ring of magical power
MPRegen  0.41/turn              l - +4 ring of evasion

@: quick
A: no armour, no weapons or thrown items, stealth, claws 1, fangs 3, see
invisible, carnivore 3, speed 1, shaggy fur 2, slow metabolism 1, sharp paws
a: no special abilities


You were on level 4 of the Dungeon.
You were not hungry.

You visited 1 branch of the dungeon, and saw 4 of its levels.

You collected 153 gold pieces.

Inventory:

Jewellery
 i - a ring of magical power (left paw)
 l - a +4 ring of evasion (right paw)
 t - an amulet of magic regeneration (around neck)
 v - an uncursed ring of ice {unknown}
Wands
 d - a wand of random effects (34/48)
Scrolls
 e - a scroll of blinking {unknown}
 f - 4 scrolls of teleportation
 g - 2 scrolls of identify
 m - 2 scrolls of remove curse
 n - a scroll of noise {unknown}
 p - a scroll of magic mapping {unknown}
Potions
 c - a potion of invisibility
 h - 2 potions of flight
 j - a potion of curing
 k - 3 potions of lignification
 o - a potion of resistance
 q - a potion of heal wounds
 r - a potion of haste {unknown}
Books
 a - a book of Maledictions

   Spells                             Type                      Level
   a - Corona                         Hexes                        1
   b - Ensorcelled Hibernation        Hexes/Ice                    2
   c - Confuse                        Hexes                        3
   d - Tukima's Dance                 Hexes                        3
   e - Dazzling Spray                 Conjuration/Hexes            3
 s - a book of Minor Magic

   Spells                             Type                      Level
   a - Magic Dart                     Conjuration                  1
   b - Blink                          Translocation                2
   c - Call Imp                       Summoning                    2
   d - Slow                           Hexes                        2
   e - Conjure Flame                  Conjuration/Fire             3
   f - Mephitic Cloud                 Conjuration/Poison/Air       3
Comestibles
 b - 2 meat rations
 u - a chunk of flesh


   Skills:
 + Level 5.0 Dodging
 + Level 6.1 Stealth
 + Level 3.1 Unarmed Combat
 - Level 2.0 Spellcasting
 + Level 6.4 Hexes


You had 2 spell levels left.
You knew the following spells:

 Your Spells              Type           Power        Failure   Level  Hunger
a - Corona                Hex            ###....      1%          1    #......
c - Confuse               Hex            ###.....     4%          3    ###....
z - Ensorcelled Hibernat  Hex/Ice        ##....       8%          2    ###....


Dungeon Overview and Level Annotations

Branches:
Dungeon (4/15)
 Temple: D:4-7

Altars:
Uskayaw

Annotations:
D:3 exclusion: 2 doors


Innate Abilities, Weirdness & Mutations

You cannot wear armour.
You are incapable of wielding weapons or throwing items.
Your paws allow you to move quietly. (Stealth)
You have sharp claws.
You have razor-sharp teeth.
You have supernaturally acute eyesight. (SInv)
You are carnivorous and can eat meat at any time.
You cover ground quickly.
You are covered in thick fur. (AC +2)
You have a slow metabolism.
Your sharp claws are effective at attacking unaware monsters.


Message History

Confirm with . or Enter, or press ? or * to list all spells.
Aiming: Ensorcelled Hibernation
Press: ? - help, Shift-Dir - straight line, f - orc priest
Aim: an orc priest, wielding a whip of freezing (chance to defeat MR: 43%)
The orc priest resists with some effort.
Casting: Ensorcelled Hibernation
Confirm with . or Enter, or press ? or * to list all spells.
Aiming: Ensorcelled Hibernation
Press: ? - help, Shift-Dir - straight line, f/p - orc priest
Aim: an orc priest, wielding a whip of freezing (chance to defeat MR: 43%)
The orc priest looks drowsy...
The orc priest shouts!
The orc priest mumbles some strange prayers to Beogh against you.
Beogh smites you!
Ouch! That really hurt!
You die...
You are now level 5!
You rejoin the land of the living...
Unknown command.
Are you sure you want to abandon this character and quit the game? (Confirm with "yes".)

#.##..#.....# ### #.....#########
..###### #####.........#
#####.#..... ##########.#
..##.#.###. #....[.....#
#####.#....# #.
####.######.#.#####...#.###..# ##
...#.##.###.#.......#.#...<..#
.....##>.........####.#......####
.#.####.........@.............[..
.#......########..#.#.#......####
.######## #######.#...##.#.####..
)....... .............#.#.......
######.# ###..........#.#.###...
#....# #..........#.... #...
#..#.# #.[........###.# #...
)..#.# # #..........# #.# #..#
#..#.#.# #..........# #.#.##+#


There were no monsters in sight!

Vanquished Creatures
  3 slaves (D:4)
  An ogre (D:4)
  A hound (D:4)
  A jelly (D:3)
  An orc priest (D:4)
  A bullfrog skeleton (D:3)
  6 adders
  2 oozes
  2 worms (D:2)
  3 dart slugs
  3 leopard geckos (D:3)
  4 orcs
  4 giant cockroaches
  4 goblins
  2 hobgoblins
  4 quokkas
  2 ball pythons
  6 bats
  3 frilled lizards
  10 kobolds
  5 rats
68 creatures vanquished.

Notes
Turn   | Place    | Note
-------+----------+-------------------------------------------
     0 | D:1      | EvilAshe the Felid Enchanter began the quest for the Orb.
     0 | D:1      | Reached XP level 1. HP: 7/7 MP: 4/4
   965 | D:1      | Reached XP level 2. HP: 11/11 MP: 6/6
   969 | D:1      | Learned a level 2 spell: Ensorcelled Hibernation
  1315 | D:2      | Found a hide-covered altar of Uskayaw.
  1594 | D:2      | Reached XP level 3. HP: 14/14 MP: 4/7
  1626 | D:2      | Learned a level 3 spell: Confuse
  1670 | D:2      | Reached skill level 5 in Hexes
  2384 | D:3      | Reached skill level 5 in Stealth
  2384 | D:3      | Reached XP level 4. HP: 15/18 MP: 8/8
  2778 | D:3      | Reached XP level 5. HP: 21/21 MP: 9/9
  3228 | D:4      | Noticed an ogre
  3400 | D:4      | Killed an ogre
  3400 | D:4      | Gained mutation: You are covered in thick fur. (AC +2) [Felid growth]
  3400 | D:4      | Reached XP level 6. HP: 24/24 MP: 10/10
  3494 | D:4      | Reached skill level 5 in Dodging
  3547 | D:4      | Noticed a slave
  3548 | D:4      | Noticed a slave
  3549 | D:4      | Noticed a slave
  3569 | D:4      | Killed a slave
  3575 | D:4      | Killed a slave
  3578 | D:4      | Killed a slave
  3637 | D:4      | Killed from afar by an orc priest
  3638 | D:4      | Reached XP level 5. HP: -3/21 MP: 18/18
  3638 | D:4      | Quit the game

Vault maps used:
D:1:      onia_arrival_mini_spirals
D:2:      marbit_many_paths
D:4:      uniq_pikel

Skill      XL: |  1  2  3  4  5  6 |
---------------+-------------------+-----
Dodging        | 3 4 5 |  5.0
Hexes          | 5 6 |  6.4
Stealth        | 5 6 |  6.1
Unarmed Combat | 2 3 |  3.1
Spellcasting   | |  2.0

Action                   |  1- 3 |  4- 6 || total
-------------------------+-------+-------++-------
Melee: Unarmed           |    72 |    68 ||   140
       Bite              |     4 |     5 ||     9
       Punch             |     1 |       ||     1
 Cast: Ensorcelled Hiber |    22 |    30 ||    52
       Confuse           |       |     8 ||     8
Evoke: Wand              |     1 |       ||     1
  Use: Scroll            |     7 |     4 ||    11
       Potion            |     1 |       ||     1
 Stab: Sleeping          |    23 |    28 ||    51
       Confused          |       |     4 ||     4
  Eat: Chunk             |    12 |     5 ||    17
Armor: Skin              |     3 |     1 ||     4
Dodge: Dodged            |    70 |    41 ||   111

Table legend:
 A = Spawn XP
 B = Non-spawn XP
 C = Spawn XP percentage of total XP
 D = Spawn monster count
 E = Non-spawn monster count
 F = Spawn count percentage of total count
 G = Total turns spent on level
                    A         B        C        D         E        F      G
               +---------+---------+-------+---------+---------+-------+---------
         Total |       0 |     486 |   0.0 |       0 |      65 |   0.0 |  3638
               +---------+---------+-------+---------+---------+-------+---------
           D:1 |       0 |      18 |   0.0 |       0 |      11 |   0.0 |  1347
           D:2 |       0 |      54 |   0.0 |       0 |      14 |   0.0 |   841
           D:3 |       0 |     145 |   0.0 |       0 |      27 |   0.0 |   945
           D:4 |       0 |     269 |   0.0 |       0 |      13 |   0.0 |   505
               +---------+---------+-------+---------+---------+-------+---------
